 Dungeon Crawl Stone Soup version 0.22-a0-848-ge9e22a0 (webtiles) character file.

1212 jjfam the Skirmisher (level 8, -1/74 HPs)
             Began as a Hill Orc Fighter on July 26, 2018.
             Was an Initiate of Makhleb.
             Slain by a troll (4 damage)
             ... on level 6 of the Dungeon.
             The game lasted 00:32:48 (6958 turns).

jjfam the Skirmisher (Hill Orc Fighter)             Turns: 6958, Time: 00:32:49

Health: -1/74      AC: 12    Str: 21    XL:     8   Next: 46%
Magic:  8/8        EV:  7    Int:  8    God:    Makhleb [......]
Gold:   90         SH:  9    Dex: 10    Spells: 7/7 levels left

rFire    . . .     SeeInvis .   a - +0 war axe
rCold    . . .     Gourm    .   c - +0 shield
rNeg     . . .     Faith    .   b - +0 scale mail
rPois    .         Spirit   .   E - +1 helmet
rElec    .         Reflect  .   g - +0 cloak (curse)
rCorr    .         Harm     .   F - +0 pair of gloves
MR       .....                  J - +0 pair of boots
Stlth    +.........             o - amulet of regeneration
HPRegen  0.62/turn              v - +5 ring of slaying (curse)
MPRegen  0.11/turn              D - ring of stealth

@: very slightly contaminated
A: no striking features
a: Renounce Religion


You were on level 6 of the Dungeon.
You worshipped Makhleb.
Makhleb was noncommittal.
You were hungry.

You visited 1 branch of the dungeon, and saw 6 of its levels.

You collected 398 gold pieces.
You spent 308 gold pieces at shops.

Inventory:

Hand Weapons
 a - a +0 war axe (weapon)
 H - a +2 battleaxe of flaming
Armour
 b - a +0 scale mail (worn)
 c - a +0 shield (worn)
 g - a cursed +0 cloak (worn)
 y - a +0 ring mail
 E - a +1 helmet (worn)
 F - a +0 pair of gloves (worn)
 J - a +0 pair of boots (worn)
Jewellery
 o - an amulet of regeneration (around neck)
 v - a cursed +5 ring of slaying (left hand)
 D - a ring of stealth (right hand)
Wands
 z - a wand of clouds (7)
 C - a wand of disintegration (5)
 I - a wand of enslavement (3)
Scrolls
 e - 2 scrolls of magic mapping
 h - a scroll of blinking
 j - 7 scrolls of teleportation {unknown}
 l - 8 scrolls of identify
 m - 4 scrolls of remove curse
 n - 2 scrolls of immolation {unknown}
 u - 4 scrolls of amnesia {unknown}
 w - a scroll of enchant weapon {unknown}
 x - 2 scrolls of fear {unknown}
 A - 2 scrolls of enchant armour {unknown}
Potions
 d - 2 potions of might
 i - a potion of mutation {unknown}
 k - a potion of lignification {unknown}
 p - 2 potions of agility {unknown}
 q - 2 potions of curing
 r - 2 potions of flight {unknown}
 s - 4 potions of heal wounds {unknown}
 t - a potion of brilliance {unknown}
 G - a potion of resistance {unknown}
Comestibles
 f - 11 rations


   Skills:
 * Level 7.9(3.9) Fighting
 + Level 7.0(3.5) Axes
 + Level 5.6(2.8) Armour
 - Level 0.3(0.1) Dodging
 - Level 0.1(0.0) Stealth
 + Level 5.7(2.8) Shields


You had 7 spell levels left.
You didn't know any spells.
Your spell library contained the following spells:

 Spells                   Type           Power        Failure   Level  Hunger
 Magic Dart               Conj           #...         99%         1    ##.....
 Conjure Flame            Conj/Fire      #.......     100%        3    ####...
 Slow                     Hex            #.......     100%        2    ###....
 Mephitic Cloud           Conj/Pois/Air  #.......     100%        3    ####...
 Blink                    Tloc           N/A          100%        2    ###....
 Call Imp                 Summ           #.......     100%        2    ###....


Dungeon Overview and Level Annotations

Branches:
Dungeon (6/15)             Temple (0/1) D:4

Altars:
Ashenzari
Cheibriados
Makhleb
Okawaru

Shops:
D:6 (

Annotations:
D:6 3 runed doors, exclusion: door, Tovarisch's ghost, novice DDNe


Message History

The troll bites you but does no damage. The troll claws you but does no damage.
The troll claws you. You block the troll's attack. The troll claws you!
* * * LOW HITPOINT WARNING * * *
The troll claws you.
* * * LOW HITPOINT WARNING * * *
You closely miss the troll.
The troll is heavily wounded.
The troll bites you.
* * * LOW HITPOINT WARNING * * *
The troll claws you.
* * * LOW HITPOINT WARNING * * *
You block the troll's attack.
You slash the troll!
The troll is severely wounded.
You block the troll's attack. The troll barely misses you. The troll claws you.
* * * LOW HITPOINT WARNING * * *
The troll bites you.
* * * LOW HITPOINT WARNING * * *
The troll claws you but does no damage. The troll claws you.
You die...

#...#.#.#.#
#.#.#Z....#
#...+W..(##
#...+...??#
#.#.+...(##
#.#.#.....#
#.#.#.#.#.####
#.#
#.#########..#
#.# #.# ##@#
#.# #.# #T#
#.# ##.## #.#
#.# ####...###
#.# #.#
.........# #.#
#.# ####...#.#
#.# #.#### #
##.##.# #.#
#..... #
#.##.# #.#
###### #
#.##.# #.#


You could see a troll.

Vanquished Creatures
  Duvessa (D:4)
  3 ogres
  A centaur (D:6)
  Dowan (D:4)
  A water moccasin skeleton (D:4)
  A howler monkey (D:4)
  2 crimson imps
  3 hounds
  A bullfrog skeleton (D:5)
  A jelly (D:4)
  2 orc priests (D:4)
  An orc wizard (D:4)
  A worker ant (D:4)
  7 gnolls (D:5)
  4 adders
  2 adder skeletons (D:4)
  5 worms
  3 dart slugs
  4 leopard geckos
  11 orcs
  9 bats
  3 giant cockroaches
  28 hobgoblins
  7 jackals
  11 kobolds
  3 quokkas
  2 ball pythons
  7 frilled lizards
  35 goblins
  9 rats
169 creatures vanquished.

Notes
Turn   | Place    | Note
-------+----------+-------------------------------------------
     0 | D:1      | jjfam the Hill Orc Fighter began the quest for the Orb.
     0 | D:1      | Reached XP level 1. HP: 19/19 MP: 1/1
   223 | D:1      | Reached XP level 2. HP: 27/27 MP: 2/2
   410 | D:1      | Reached XP level 3. HP: 33/33 MP: 3/3
   926 | D:2      | Reached XP level 4. HP: 21/40 MP: 4/4
  2177 | D:3      | Found a shattered altar of Ashenzari.
  2185 | D:3      | Became a worshipper of Ashenzari the Shackled
  2601 | D:4      | Noticed an ogre
  2728 | D:4      | Reached XP level 5. HP: 25/47 MP: 5/5
  2735 | D:4      | Reached skill level 5 in Axes
  2828 | D:4      | Reached skill level 5 in Fighting
  2866 | D:4      | Reached XP level 6. HP: 51/56 MP: 6/6
  3130 | D:4      | Found a snail-covered altar of Cheibriados.
  3143 | D:4      | Noticed Duvessa
  3151 | D:4      | Noticed Dowan
  3330 | D:4      | Found a staircase to the Ecumenical Temple.
  3384 | D:5      | Entered Level 5 of the Dungeon
  3540 | D:5      | Reached XP level 7. HP: 62/62 MP: 7/7
  4304 | D:5      | Found an iron altar of Okawaru.
  4870 | D:4      | Reached skill level 5 in Shields
  4891 | D:4      | Reached skill level 5 in Armour
  5174 | D:4      | Killed Duvessa
  5174 | D:4      | Reached XP level 8. HP: 66/73 MP: 8/8
  5189 | D:4      | Killed Dowan
  5732 | D:6      | Noticed a troll
  6044 | D:6      | Found Sinam's Weapon Shoppe.
  6059 | D:6      | Bought a +2 battleaxe of flaming for 308 gold pieces
  6075 | D:6      | Found a burning altar of Makhleb.
  6075 | D:6      | Noticed a blizzard demon
  6085 | D:6      | Noticed a ynoxinul
  6085 | D:6      | Noticed a smoke demon
  6089 | D:6      | Fell from the grace of Ashenzari
  6089 | D:6      | Became a worshipper of Makhleb the Destroyer
  6270 | D:6      | Found a runed gate.
  6270 | D:6      | Found a runed gate.
  6271 | D:6      | Found a runed gate.
  6273 | D:6      | Noticed Tovarisch's ghost (novice DDNe)
  6958 | D:6      | HP: 3/74 [troll (1)]
  6958 | D:6      | Slain by a troll

Vault maps used:
D:1:      dpeg_arrival_boxorama, serial_forest, infiniplex_forest_clump_medium,
          infiniplex_forest_clump_diagonal, infiniplex_forest_end_3,
          infiniplex_forest_lined_room_2, infiniplex_forest_end_3,
          infiniplex_forest_corner_1, st_stairs_13
D:3:      lemuel_crystal_altar, first_ration
D:4:      kennysheep_mini_moat, minmay_temple_entry_glass, kennysheep_doodads,
          uniq_duvessa
D:5:      minmay_goblin_kobold_castle, okawaru_metal_pillars_1_2
D:6:      makhleb_altar_promises_db, gammafunk_ghost_necromancy, serial_shops,
          nicolae_shop_waterfront

Skill      XL: |  1  2  3  4  5  6  7  8 |
---------------+-------------------------+-----
Axes           | 3 4 5 6 7 |  7.0
Fighting       | 4 5 7 |  7.9
Shields        | 4 5 |  5.7
Armour         | 4 5 |  5.6
Dodging        | |  0.3
Stealth        | |  0.1

Action                   |  1- 3 |  4- 6 |  7- 9 || total
-------------------------+-------+-------+-------++-------
Melee: War axe           |    95 |   188 |   160 ||   443
Invok: Curse Item        |       |       |     1 ||     1
  Use: Potion            |       |     1 |       ||     1
       Scroll            |       |       |     3 ||     3
  Eat: Chunk             |       |     6 |     3 ||     9
       Ration            |       |     1 |     2 ||     3
Armor: Scale mail        |    48 |    99 |    82 ||   229
Dodge: Dodged            |    26 |    73 |    62 ||   161
Block: Shield            |    47 |   119 |   137 ||   303

Table legend:
 A = Spawn XP
 B = Non-spawn XP
 C = Spawn XP percentage of total XP
 D = Spawn monster count
 E = Non-spawn monster count
 F = Spawn count percentage of total count
 G = Total turns spent on level
                    A         B        C        D         E        F      G
               +---------+---------+-------+---------+---------+-------+---------
         Total |       0 |    1732 |   0.0 |       0 |     169 |   0.0 |  6958
               +---------+---------+-------+---------+---------+-------+---------
           D:1 |       0 |      38 |   0.0 |       0 |      20 |   0.0 |   804
           D:2 |       0 |      63 |   0.0 |       0 |      22 |   0.0 |   836
           D:3 |       0 |      87 |   0.0 |       0 |      21 |   0.0 |  1143
           D:4 |       0 |     835 |   0.0 |       0 |      22 |   0.0 |  1313
           D:5 |       0 |     319 |   0.0 |       0 |      69 |   0.0 |  1730
           D:6 |       0 |     390 |   0.0 |       0 |      15 |   0.0 |  1132
               +---------+---------+-------+---------+---------+-------+---------
